 Dungeon Crawl Stone Soup version 0.30.0-17-ge0270778cf (webtiles) character file.

Game seed: 985907701216998893

164409 Kenran the Peltast (level 18, -2/157 HPs)
             Began as a Formicid Fighter on May 21, 2023.
             Was the Champion of Wu Jian.
             Slain by a quicksilver dragon (6 damage)
             ... on level 4 of the Snake Pit.
             The game lasted 01:09:22 (32499 turns).

Kenran the Peltast (Formicid Fighter)              Turns: 32499, Time: 01:09:22

Health: -2/157     AC: 31    Str: 23    XL:     18   Next: 48%
Magic:  0/18       EV: 10    Int:  5    God:    Wu Jian [******]
Gold:   1382       SH: 16    Dex: 21    Spells: 17/17 levels left

rFire   + . .        a - +9 sword of Zonguldrok {reap}
rCold   + + .        G - +0 kite shield {rC+}
rNeg    . . .        P - +8 plate armour {Will+}
rPois   +            (helmet unavailable)
rElec   .            K - +2 cloak of the Moon {rPois rC+ Int-3 Dex+2}
rCorr   .            p - +0 pair of gloves
SInv    +            F - +0 pair of boots
Will    ++...        k - amulet of guardian spirit Stlth
                     H - ring of protection from fire
HPRegen 0.46/turn    v - ring of flight
MPRegen 0.16/turn

%: guardian spirit
@: lethally poisoned (-2 -> -11), exhausted, flying
A: permanent stasis, dig shafts and tunnels, antennae 3, four strong arms, sense
surroundings 1, MP-powered wands
a: Dig, Shaft Self, Renounce Religion, Wall Jump, Serpent's Lash, Heavenly Storm


You were on level 4 of the Snake Pit.
You worshipped Wu Jian.
Wu Jian was exalted by your worship.
You visited 3 branches of the dungeon, and saw 24 of its levels.
You also visited: Ossuary, Bailey and Ice Cave.

You collected 3041 gold pieces.
You spent 1659 gold pieces at shops.

Inventory:

Hand Weapons
 a - the +9 sword of Zonguldrok (weapon) {reap}
   (You acquired it on level 5 of the Lair of Beasts)
 b - a +2 scimitar of flaming
 J - a +3 demon blade of venom
 Q - a +8 triple sword of electrocution
 R - the +9 double sword of Attainder {protect, rC+ rCorr Dex-2}
   (You acquired it on level 3 of the Snake Pit)

   Dex:       It affects your dexterity (-2).
   rC:        It protects you from cold.
   rCorr:     It protects you from acid and corrosion.
Missiles
 g - 66 poisoned darts
Armour
 p - a +0 pair of gloves (worn)
 F - a +0 pair of boots (worn)
 G - a +0 kite shield of cold resistance (worn)
 K - the +2 cloak of the Moon (worn) {rPois rC+ Int-3 Dex+2}
   (You bought it in a shop on level 11 of the Dungeon)

   Int:       It affects your intelligence (-3).
   Dex:       It affects your dexterity (+2).
   rC:        It protects you from cold.
   rPois:     It protects you from poison.
 P - a +8 plate armour of willpower (worn)
Jewellery
 c - a +4 ring of protection
 k - an amulet of guardian spirit (around neck)
 v - a ring of flight (right hand)
 H - a ring of protection from fire (left hand)
 M - the ring of Owiddi {rPois rC++ Dex+6 SInv Stlth-}
   (You found it on level 4 of the Lair of Beasts)

   [ring of dexterity]

   Dex:       It affects your dexterity (+6).
   rC:        It greatly protects you from cold.
   rPois:     It protects you from poison.
   SInv:      It lets you see invisible.
   Stlth:     It makes you less stealthy.
 N - a +5 ring of evasion
Wands
 y - a wand of flame (21)
 B - a wand of iceblast (21)
 D - a wand of mindburst (7)
 I - a wand of paralysis (1)
 L - a wand of acid (11)
Scrolls
 f - a scroll of magic mapping
 i - 4 scrolls of vulnerability {!r}
 l - 3 scrolls of poison {!r}
 m - 8 scrolls of fear
 o - 2 scrolls of immolation {!r}
 q - 3 scrolls of identify {@r1}
 r - 4 scrolls of fog
 x - a scroll of summoning
Potions
 d - a potion of cancellation
 e - 7 potions of curing {@q1}
 j - 6 potions of attraction {!q}
 s - 5 potions of brilliance
 t - a potion of invisibility
 u - 3 potions of resistance
 w - 4 potions of mutation {!q}
 z - 5 potions of flight
 A - 2 potions of magic
 C - a potion of might
 E - a potion of ambrosia
Miscellaneous
 O - a tin of tremorstones (1/2)


   Skills:
 - Level 18.0 Fighting
 - Level 16.0 Long Blades
 + Level 15.1 Armour
 - Level 6.0 Dodging
 - Level 18.0 Shields
 + Level 11.6 Evocations


You had 17 spell levels left.
You didn't know any spells.
Your spell library contained the following spells:

 Spells                   Type           Power      Damage    Failure   Level
 Beastly Appendage        Tmut           0%         N/A       99%         1
 Freeze                   Ice            0%         1d3       99%         1
 Magic Dart               Conj           0%         1d3       99%         1
 Sting                    Tmut/Pois      0%         1d3       99%         1
 Summon Small Mammal      Summ           0%         N/A       99%         1
 Call Imp                 Summ           0%         N/A       100%        2
 Ensorcelled Hibernation  Hex/Ice        0%         N/A       100%        2
 Poisonous Vapours        Pois/Air       0%         N/A       100%        2
 Static Discharge         Conj/Air       0%         2-2/arc   100%        2
 Sublimation of Blood     Necr           0%         N/A       100%        2
 Wereblood                Tmut           0%         N/A       100%        2
 Call Canine Familiar     Summ           0%         N/A       100%        3
 Inner Flame              Hex/Fire       0%         N/A       100%        3
 Mephitic Cloud           Conj/Pois/Air  0%         N/A       100%        3
 Ozocubu's Armour         Ice            0%         N/A       100%        3
 Spider Form              Tmut/Pois      0%         N/A       100%        3
 Summon Guardian Golem    Hex/Summ       0%         N/A       100%        3
 Airstrike                Air            0%         2d(0-16)  100%        4
 Anguish                  Hex/Necr       0%         N/A       100%        4
 Flame Wave               Conj/Fire      0%         2d4       100%        4
 Manifold Assault         Tloc           0%         N/A       100%        4
 Olgreb's Toxic Radiance  Pois           0%         N/A       100%        4
 Sticky Flame             Conj/Fire      0%         2d3       100%        4
 Summon Ice Beast         Ice/Summ       0%         N/A       100%        4
 Summon Lightning Spire   Summ/Air       0%         N/A       100%        4
 Blade Hands              Tmut           0%         N/A       100%        5
 Irradiate                Conj/Tmut      0%         3d11      100%        5
 Dispersal                Tloc           0%         N/A       100%        6
 Dragon Form              Tmut           0%         N/A       100%        7
 Summon Hydra             Summ           0%         N/A       100%        7
 Disjunction              Tloc           0%         N/A       100%        8


Dungeon Overview and Level Annotations

Branches:
Dungeon (15/15)            Temple (0/1) D:5            Lair (5/5) D:10
 Shoals (0/4) Lair:2        Snake (4/4) Lair:2        Slime (0/5) Lair:5
    Orc (0/2) D:9          Vaults (0/5) D:13         Depths (0/4) D:15
Ossuary (visited)          Bailey (visited)           IceCv (visited)

Altars:
Ashenzari
Gozag
Hepliaklqana
Kikubaaqudgha
Makhleb
Nemelex Xobeh
Okawaru
Trog
Vehumet
Wu Jian
Xom
The Shining One
Jiyva
Lugonu

Shops:
D:1 (?[!*   D:2 (   D:7 (   D:11 [   Snake:2 ==?*

Portals:
Abyss: Lair:5

Annotations:
D:1 exclusion: downstairs
D:2 1 runed translucent door, Crazy Yiuf
D:4 1 runed translucent door, fedoskokos's ghost, amateur HOFi
D:7 2 transporters
Lair:5 1 runed translucent door
Snake:2 2 transporters, Cyerinn's ghost, adept TrBe


Innate Abilities, Weirdness & Mutations

You cannot be hasted, slowed, berserked, paralysed or teleported.
You can dig through walls and to a lower floor.
You have a pair of large antennae on your head. (SInv)
Your four strong arms can wield two-handed weapons with a shield.
You passively map a small area around you.
You expend magic power (3 MP) to strengthen your wands.


Message History

The nagaraja is no longer moving quickly.
The quicksilver dragon breathes dispelling energy at you.
The bolt of dispelling energy hits you!
* * * LOW HITPOINT WARNING * * *
The nagaraja casts a spell.
The nagaraja seems to speed up.
You block the quicksilver dragon's attack.
The quicksilver dragon claws you but does no damage.
The salamander tyrant hits you but does no damage.
You see here a +2 mace of holy wrath.
You spin and attack the quicksilver dragon.
You hit the quicksilver dragon but do no damage.
The quicksilver dragon is almost dead.
The quicksilver dragon bites you but does no damage.
The quicksilver dragon claws you but does no damage.
You block the quicksilver dragon's attack. x2
Okay, then.
The tremorstone explodes into fragments!
The burst of rock shards engulfs the naga warrior!!
The burst of rock shards engulfs the naga sharpshooter!
The burst of rock shards engulfs the naga warrior!!
The burst of rock shards engulfs the naga sharpshooter!
The burst of rock shards engulfs the salamander tyrant!
The burst of rock shards engulfs the naga warrior!
The burst of rock shards engulfs the nagaraja but does no damage.
The burst of rock shards engulfs the naga sharpshooter.
The burst of rock shards engulfs the naga warrior!
The burst of rock shards engulfs the nagaraja!
You hear an angry hiss.
You hear a shout! x2
The quicksilver dragon barely misses you.
You block the quicksilver dragon's attack.
The nagaraja gestures at you while chanting.
The poison arrow hits you!
You are poisoned.
You partially resist.
* * * LOW HITPOINT WARNING * * *
You block the quicksilver dragon's attack.
The quicksilver dragon claws you but does no damage.
The quicksilver dragon bites you.
You die...

.......## ,#...#........
###.....# , , , #(........... #
*#...## , ##............
##....###########.............
#.............................
##.............................
#)...............).........###.
###.....#.........)))......###.'.
....)..####.....@.###......#...#.
.........#.....DDN...#.....#...#.
..........).....N8N..8.....#'..#.
#...............≣≣...≣≣...Z.####.
#..........)....≣≣N..≣≣..........
#...........≣≣≣≣≣.....≣≣≣≣≣.)..Z.
#..........≣≣..≣≣.....≣≣..≣≣..Z..
#.......≣≣≣≣.......⌠.......≣≣≣≣..
.......≣≣.......8.....8.... {≣≣.


You could see 2 quicksilver dragons, a nagaraja (fast), a naga warrior, a naga
sharpshooter and a salamander tyrant.

Vanquished Creatures
  Vashnia (Snake:2)
  Kirke (D:13)
  A tengu reaver (D:14)
  A frost giant (IceCv)
  3 nagarajas (Snake:4)
  An ettin (D:14)
  Josephine (D:13)
  An ice dragon (D:14)
  A salamander tyrant (Snake:2)
  4 hydras
  7 anacondas
  5 vault guards (D:13)
  2 two-headed ogres
  9 centaur warriors
  3 boulder beetles
  7 naga warriors
  A tengu warrior (D:14)
  3 thrashing horrors (Lair:5)
  13 death yaks
  A deep troll earth mage (D:14)
  5 naga sharpshooters
  5 shock serpents
  A fire crab (shapeshifter) (Lair:5)
  3 salamander mystics
  6 skysharks
  Pikel (D:6)
  3 naga ritualists
  3 orc knights (D:15)
  A necromancer (D:15)
  2 lindwurms
  2 deep elf zephyrmancers (D:15)
  A mana viper (shapeshifter) (D:14)
  A lindwurm (shapeshifter) (Lair:5)
  14 ugly things
  6 mana vipers
  An oklob plant (D:10)
  14 salamanders
  A deep elf pyromancer (D:14)
  A manticore (D:12)
  4 cyclopes
  An orc sorcerer (D:15)
  A centaur zombie (D:15)
  A merfolk siren (Lair:2)
  3 guardian serpents
  9 naga magi
  27 black mambas
  16 elephants
  An ice statue (IceCv)
  13 cane toads
  A torpor snail (Lair:4)
  3 gargoyles
  4 kobold demonologists (D:12)
  5 komodo dragons
  An efreet (D:13)
  An unseen horror (shapeshifter) (D:14)
  12 rime drakes
  An ancient zyme (Lair:5)
  10 polar bears
  A tengu conjurer (D:14)
  A wind drake (shapeshifter) (D:14)
  3 meliai (D:14)
  8 trolls
  A wolf spider simulacrum (D:15)
  A hornet (D:8)
  A meliai (shapeshifter) (D:14)
  18 blink frogs
  18 dream sheep (Lair:5)
  A harpy skeleton (D:15)
  A spriggan (Lair:5)
  6 slime creatures
  3 wraiths
  3 centaur simulacra (D:11)
  Sigmund (D:4)
  A basilisk (shapeshifter) (Lair:5)
  A vampire (D:12)
  2 ynoxinuls (Lair:5)
  2 large abominations (Lair:5)
  2 wyverns
  26 yaks
  Eustachio (D:4)
  17 vampire mosquitoes
  2 hogs (D:13)
  8 basilisks
  A steam dragon (D:9)
  20 nagas
  3 wargs (D:15)
  An acid dragon (D:11)
  12 water moccasins
  19 orc warriors
  2 sky beasts (D:8)
  5 ice beasts
  A meliai simulacrum (D:11)
  7 black bears
  17 centaurs
  34 wolves
  3 ogres
  4 kobold brigands
  6 small abominations (Lair:5)
  2 gnoll sergeants (D:11)
  17 bullfrogs
  A scorpion (D:4)
  5 wights (D:7)
  14 killer bees
  4 electric eels
  4 howler monkeys
  3 jellies
  2 human zombies (Ossuary)
  7 orc priests
  3 gnoll boudas
  A sleepcap (D:5)
  A boggart zombie (D:15)
  Jessica (D:2)
  Natasha (thrice) (D:4)
  6 iguanas
  8 orc wizards
  A statue (D:9)
  A hound zombie (Ossuary)
  4 mummies (Ossuary)
  28 gnolls
  13 adders
  4 white imps
  An adder zombie (Ossuary)
  4 dart slugs
  45 orcs
  13 endoplasms
  2 giant cockroaches
  A gnoll zombie (Ossuary)
  16 goblins
  9 hobgoblins
  3 jackals (D:5)
  3 quokkas (D:1)
  6 ball pythons
  4 bats
  4 frilled lizards
  A hobgoblin zombie (Ossuary)
  31 kobolds
  A kobold zombie (Ossuary)
  2 orc zombies (Ossuary)
  4 rats
  3 rat zombies (Ossuary)
  A butterfly (Lair:4)
802 creatures vanquished.

Vanquished Creatures (collateral kills)
  An ettin (D:14)
  3 vault guards (D:13)
  A rakshasa (D:14)
  An anaconda (Snake:1)
  A boulder beetle (D:14)
  2 death yaks (Lair:5)
  A thrashing horror (Lair:5)
  3 naga sharpshooters
  2 skysharks (Lair:5)
  A wizard (D:15)
  A mana viper (Snake:2)
  A deep elf pyromancer (D:14)
  A cyclops (D:14)
  4 ugly things
  2 salamanders
  2 elephants (Lair:5)
  A naga mage (Snake:4)
  4 black mambas
  A guardian serpent (Snake:4)
  A cane toad (Lair:5)
  A smoke demon (Lair:5)
  A komodo dragon (Lair:5)
  A large abomination (Lair:5)
  A dream sheep (Lair:5)
  5 blink frogs (Lair:5)
  A centaur simulacrum (D:14)
  4 slime creatures
  2 wraiths (D:13)
  A yak (Lair:5)
  A chaos spawn (Lair:5)
  A hog (D:13)
  4 vampire mosquitoes
  3 nagas
  2 centaurs (D:15)
  3 small abominations (Lair:5)
  2 iguanas (D:12)
  2 orc wizards (D:12)
  A boggart skeleton (D:15)
  2 orcs (D:12)
  2 kobolds (D:12)
74 creatures vanquished.

Vanquished Creatures (others)
  A naga sharpshooter (Snake:2)
  4 anaconda zombies
  6 ugly thing zombies (D:14)
  An unseen horror zombie (D:14)
  A human zombie (D:13)
  A mana viper zombie (Snake:1)
  2 boulder beetle zombies (D:14)
  A guardian serpent zombie (Snake:3)
  A deep troll zombie (D:14)
  An ettin zombie (D:14)
  4 meliai zombies (D:14)
  14 black mamba zombies
  A slime creature zombie (D:14)
  A wind drake zombie (D:14)
  2 two-headed ogre zombies
  2 cane toad zombies (Lair:5)
  2 elf zombies (D:14)
  5 dream sheep zombies (Lair:5)
  6 blink frog zombies (Lair:5)
  An elephant zombie (Lair:5)
  2 vampire mosquito zombies
  A cyclops zombie (D:12)
  8 salamander zombies
  A water moccasin zombie (Lair:5)
  14 naga zombies
  4 yak zombies
  A wolf zombie (Lair:5)
  9 centaur zombies
  4 basilisk zombies
  2 kobold zombies (D:12)
  3 iguana zombies (D:12)
  A frilled lizard zombie (D:12)
  3 orc zombies (D:15)
110 creatures vanquished.

Grand Total: 986 creatures vanquished

Notes
Turn   | Place    | Note
-------+----------+-------------------------------------------
     0 | D:1      | Kenran the Formicid Fighter began the quest for the Orb.
     0 | D:1      | Reached XP level 1. HP: 18/18 MP: 1/1
    44 | D:1      | Found Deam's Magic Scroll Emporium.
    86 | D:1      | Reached XP level 2. HP: 20/24 MP: 2/2
   308 | D:1      | Found Leett's Distillery.
   308 | D:1      | Found Cehof's General Store.
   316 | D:1      | Bought a scroll of identify for 22 gold pieces
   331 | D:1      | Found Diobugg's Antique Armour Shop.
   346 | D:1      | Reached XP level 3. HP: 29/29 MP: 3/3
   347 | D:1      | Found Zicowece's Antique Weapon Shoppe.
   500 | D:2      | Found Ebaull's Weapon Shop.
   716 | D:1      | Reached XP level 4. HP: 28/35 MP: 4/4
   903 | D:2      | Found a runed translucent door.
   904 | D:2      | Noticed Crazy Yiuf
   959 | D:2      | d:2 orc with +3 demon blade of venom
  1237 | D:2      | Noticed Jessica
  1258 | D:2      | Killed Jessica
  1259 | D:2      | Reached skill level 5 in Long Blades
  1259 | D:2      | Reached XP level 5. HP: 36/41 MP: 5/5
  1688 | D:3      | Found a faded altar of an unknown god.
  1839 | D:3      | Found an opulent altar of Gozag.
  2111 | D:3      | Found an ancient bone altar of Kikubaaqudgha.
  2179 | D:3      | Identified the +1 chain mail of Resonance {Str+2 Int+3
                  | Dex+3}
  2435 | D:4      | Noticed Eustachio
  2435 | D:4      | Found a broken altar of Ashenzari.
  2440 | D:4      | Found a runed translucent door.
  2464 | D:4      | Killed Eustachio
  2465 | D:4      | Reached XP level 6. HP: 30/47 MP: 4/6
  2483 | D:4      | Found an ornate altar of the Wu Jian Council.
  2489 | D:4      | Became a worshipper of the Wu Jian Council
  2516 | D:4      | Noticed Sigmund
  2613 | D:4      | Reached XP level 7. HP: 35/52 MP: 4/7
  2675 | D:4      | Noticed Natasha
  2697 | D:4      | Killed Natasha
  2715 | D:4      | Found a sand-covered staircase.
  2719 | Ossuary  | Entered an ossuary
  3007 | D:4      | Killed Sigmund
  3008 | D:4      | Reached XP level 8. HP: 48/58 MP: 6/8
  3174 | D:4      | Noticed fedoskokos's ghost (amateur HOFi)
  3227 | D:4      | Noticed Natasha
  3233 | D:4      | Killed Natasha
  3240 | D:4      | Reached * piety under Wu Jian
  3327 | D:4      | Noticed Natasha
  3336 | D:4      | Killed Natasha
  3645 | D:4      | Found a broken altar of Ashenzari.
  3747 | D:4      | Found an ornate altar of the Wu Jian Council.
  3932 | D:5      | Entered Level 5 of the Dungeon
  3934 | D:5      | Found a staircase to the Ecumenical Temple.
  4388 | D:5      | Reached skill level 10 in Long Blades
  4677 | D:5      | Found an iron altar of Okawaru.
  4946 | D:6      | Reached XP level 9. HP: 65/65 MP: 9/9
  4993 | D:6      | Noticed Pikel
  5012 | D:6      | Killed Pikel
  5089 | D:6      | Reached ** piety under Wu Jian
  5093 | D:6      | Reached skill level 5 in Fighting
  5093 | D:6      | Reached skill level 5 in Armour
  5385 | D:6      | Noticed a two-headed ogre
  5931 | D:7      | Noticed a deep elf pyromancer
  5931 | D:7      | Noticed a green ugly thing
  6092 | D:7      | Found Jeur's Antique Weapon Emporium.
  6214 | D:7      | Noticed a two-headed ogre
  6235 | D:7      | Reached XP level 10. HP: 72/75 MP: 10/10
  6392 | D:7      | Found a transporter.
  6392 | D:7      | Found a transporter.
  6420 | D:7      | Reached *** piety under Wu Jian
  6807 | D:1      | Bought a potion of heal wounds for 50 gold pieces
  6845 | D:1      | Bought a twisted glaive for 241 gold pieces
  6845 | D:1      | Identified the +7 glaive of Eroat {flame, rN+ Str+6 Dex-2}
                  | (You bought it in a shop on level 1 of the Dungeon)
  6893 | D:2      | Bought a +0 scimitar of flaming for 128 gold pieces
  6949 | D:1      | Bought a scroll of identify for 26 gold pieces
  6949 | D:1      | Bought a scroll of identify for 26 gold pieces
  6949 | D:1      | Bought a scroll of identify for 26 gold pieces
  7054 | D:8      | Found a burning altar of Makhleb.
  7068 | D:8      | Found a shimmering altar of Xom.
  7345 | D:8      | Found a flagged portal.
  7367 | Bailey   | Entered a bailey
  7568 | Bailey   | Reached **** piety under Wu Jian
  7714 | Bailey   | Noticed an orc warlord
  8126 | D:9      | Reached skill level 10 in Fighting
  8238 | D:9      | Found a sparkling altar of Nemelex Xobeh.
  8346 | D:9      | Found a glowing golden altar of the Shining One.
  8393 | D:9      | Reached skill level 5 in Shields
  8426 | D:9      | Noticed an elephant
  8463 | D:9      | Killed an elephant
  8464 | D:9      | Reached XP level 11. HP: 90/90 MP: 11/11
  8478 | D:9      | Found a staircase to the Orcish Mines.
  8565 | D:9      | Noticed an elephant
  8573 | D:9      | Killed an elephant
  8705 | D:9      | Noticed an elephant
  8722 | D:9      | Killed an elephant
  8874 | D:9      | Found a radiant altar of Vehumet.
  9015 | D:9      | Noticed an elephant
  9029 | D:9      | Killed an elephant
  9507 | D:9      | Found a hazy altar of Hepliaklqana.
  9722 | D:10     | Entered Level 10 of the Dungeon
 10113 | D:10     | Noticed an oklob plant
 10115 | D:10     | Found a staircase to the Lair.
 10612 | D:11     | Reached ***** piety under Wu Jian
 11162 | D:11     | Found a frozen archway.
 11172 | D:11     | Reached XP level 12. HP: 76/97 MP: 8/12
 11177 | IceCv    | Entered an ice cave
 11379 | IceCv    | Noticed a death yak
 11383 | IceCv    | Noticed a death yak
 11391 | IceCv    | Reached skill level 10 in Armour
 11395 | IceCv    | Killed a death yak
 11400 | IceCv    | Killed a death yak
 11642 | IceCv    | Noticed a death yak
 11644 | IceCv    | Noticed a death yak
 11668 | IceCv    | Killed a death yak
 11782 | IceCv    | Killed a death yak
 12003 | IceCv    | Noticed a frost giant
 12003 | IceCv    | Noticed a death yak
 12322 | IceCv    | Killed a death yak
 12333 | IceCv    | HP: 5/100 [frost giant/+2 battleaxe of freezing (27)]
 12342 | IceCv    | Killed a frost giant
 12343 | IceCv    | Reached skill level 5 in Evocations
 12784 | IceCv    | Noticed a death yak
 12784 | IceCv    | Noticed a death yak
 12801 | IceCv    | Killed a death yak
 12811 | IceCv    | Killed a death yak
 12816 | IceCv    | Reached XP level 13. HP: 74/108 MP: 9/13
 13351 | D:11     | Found Fumecuel's Armour Shoppe.
 13485 | D:11     | Reached skill level 10 in Shields
 14427 | Lair:1   | Entered Level 1 of the Lair of Beasts
 15020 | Lair:1   | Identified the +0 cloak of the Saviour {Fly rPois Int+2}
 15988 | Lair:2   | Reached ****** piety under Wu Jian
 16255 | Lair:2   | Found a staircase to the Shoals.
 16619 | Lair:2   | Found a staircase to the Snake Pit.
 16929 | D:11     | Bought the +2 cloak of the Moon {rPois rC+ Int-3 Dex+2} for
                  | 397 gold pieces
 17755 | Lair:3   | Reached XP level 14. HP: 116/116 MP: 14/14
 18747 | Lair:4   | Identified the ring of Owiddi {rPois rC++ Dex+6 SInv
                  | Stlth-}
 19133 | Lair:5   | Entered Level 5 of the Lair of Beasts
 19550 | Lair:4   | Reached skill level 15 in Fighting
 19738 | Lair:5   | Gained mutation: You expend magic power (3 MP) to
                  | strengthen your wands. [potion of mutation]
 19738 | Lair:5   | Gained mutation: You passively map a small area around you.
                  | [potion of mutation]
 20058 | Lair:5   | Identified a scroll of acquirement
 20059 | Lair:5   | Acquired the +9 sword of Zonguldrok {reap}
 20059 | Lair:5   | Found the +9 sword of Zonguldrok {reap}
 20088 | Lair:5   | Found a runed translucent door.
 20088 | Lair:5   | Found a viscous altar of Jiyva.
 20089 | Lair:5   | Found a staircase to the Slime Pits.
 20089 | Lair:5   | Noticed an azure jelly
 20183 | Lair:5   | Reached XP level 15. HP: 43/129 MP: 6/15
 20842 | Lair:5   | Reached skill level 15 in Long Blades
 21403 | Lair:5   | Reached skill level 15 in Shields
 21425 | Lair:5   | Found a corrupted altar of Lugonu.
 21425 | Lair:5   | Found a one-way gate to the infinite horrors of the Abyss.
 23390 | D:13     | Reached XP level 16. HP: 136/136 MP: 16/16
 23620 | D:13     | Noticed Kirke
 23636 | D:13     | Killed Kirke
 23696 | D:13     | Found a gate to the Vaults.
 24336 | D:13     | Noticed Josephine
 24352 | D:13     | Killed Josephine
 25234 | D:14     | Reached skill level 1 in Dodging
 25508 | D:14     | Noticed a tengu reaver
 25552 | D:14     | Killed a tengu reaver
 25900 | D:15     | Entered Level 15 of the Dungeon
 25954 | D:15     | Reached XP level 17. HP: 73/134 MP: 10/17
 26919 | D:15     | Reached skill level 10 in Evocations
 26928 | D:15     | Reached skill level 5 in Dodging
 27037 | D:15     | Found a staircase to the Depths.
 27320 | D:11     | Bought a +1 plate armour of willpower for 455 gold pieces
 27430 | Snake:1  | Entered Level 1 of the Snake Pit
 28873 | Snake:2  | Found Buockeox's General Store.
 28876 | Snake:2  | Found Bauwujel's Magic Scroll Shoppe.
 28876 | Snake:2  | Found Jueso's Jewellery Emporium.
 28879 | Snake:2  | Found Eqigg's Jewellery Emporium.
 28884 | Snake:2  | Bought a scroll of summoning for 161 gold pieces
 28884 | Snake:2  | Bought a scroll of enchant armour for 127 gold pieces
 29189 | Snake:2  | Noticed Vashnia
 29276 | Snake:2  | Killed Vashnia
 29706 | Snake:2  | Found a bloodstained altar of Trog.
 29706 | Snake:2  | Noticed Cyerinn's ghost (adept TrBe)
 29724 | Snake:2  | Found a transporter.
 29738 | Snake:2  | Found a transporter.
 30281 | Snake:3  | Reached XP level 18. HP: 139/149 MP: 16/18
 30466 | Snake:3  | Identified the +8 long sword "Yrru" {heavy, Int+4}
 31151 | Snake:3  | Acquired the +9 double sword of Attainder {protect, rC+
                  | rCorr Dex-2}
 31153 | Snake:3  | Acquired 887 gold pieces
 31155 | Snake:3  | Acquired a +3 triple sword of electrocution
 31841 | Snake:4  | Entered Level 4 of the Snake Pit
 32212 | Snake:4  | Reached skill level 15 in Armour
 32459 | Snake:4  | Noticed a quicksilver dragon
 32462 | Snake:4  | Noticed a quicksilver dragon
 32499 | Snake:4  | HP: 4/157 [nagaraja/poison arrow (15)]
 32499 | Snake:4  | Slain by a quicksilver dragon

Illustrated notes

##....( ....... ..... .........
....... ......... .......
......... .......
.........#...?.. {
......o##....∩.. ...#.......#
####.. .....b..@..## ...#..
....##.#...##
#...#########......###
###.....<....<)..................
#...##.).#####..#####.###.......#
..........###...# ..#........
................# .........#
............#...# ####........
.................... ...........


Turn 959 on D:2: d:2 orc with +3 demon blade of venom

Levels and vault maps discovered:
D:1:      eino_arrival_cavern_a, layout_rooms, serial_shops, shop, shop, shop,
          shop, nicolae_shop_stone
D:2:      layout_rooms, serial_shops, shop, uniq_jessica,
          uniq_crazy_yiuf_cottage
D:3:      layout_loops_ring, grunt_gozag_statues, lemuel_crystal_altar,
          shapermc_ecumenical_altar_acropolis
D:4:      layout_rooms, kennysheep_little_box, lemuel_crystal_altar,
          lightli_ossuary_entry_decrepit_ruins, hellmonk_ghost_happy_afterlife,
          uniq_sigmund, uniq_natasha, uniq_eustachio
D:5:      layout_gridville, okawaru_trees_1, minmay_temple_entry_water_ring
D:6:      layout_cave_pools, minmay_misc_feat_encased, uniq_pikel
D:7:      gammafunk_the_bubble [the_bubble_gammafunk_plus_minus], layout_basic,
          serial_shops, shop
D:8:      layout_loops_ring, nicolae_overflow_crystal_walls, xom_teletrap_fun,
          enter_bailey_2, serial_glass, glass_columns_a, glass_columns_c,
          glass_columns_b, glass_columns_a, glass_columns_a, glass_columns_a
D:9:      wad_woods_tower, layout_basic, worldfamousw_hep_ancestral_shrine,
          mainiacjoe_overflow_24_doors, tso_altar, vehumet_statue
D:10:     layout_long_grid, dpeg_oklobed_lair
D:11:     layout_small_grid, serial_shops, shop, serial_ice, serial_ice_i,
          serial_ice_c, serial_ice_m, serial_ice_f, portal_ice_cave_rime
D:12:     layout_basic, serial_rivers, chequers_serial_rivers_micro_b,
          chequers_serial_rivers_marsh, chequers_serial_rivers_micro_d,
          chequers_serial_rivers_micro_e, chequers_serial_rivers_micro_d,
          minmay_lizard_king
D:13:     layout_stronghold, erik_vaults_2, serial_column_ruins,
          column_ruins_hut_pillars, column_ruins_hut,
          column_ruins_columns_dead_end, column_ruins_corridor_straight,
          column_ruins_corridor_straight, column_ruins_columns_straight,
          column_ruins_grid_1, uniq_kirke, uniq_josephine
D:14:     thingy_vault, layout_cave_pools, minmay_circle_x
D:15:     grunt_enter_depths_magical_seal, layout_stronghold, minivault_25
Lair:1:   beast_lair_carwin_large_1, layout_regular_city
Lair:2:   layout_layer_cave, elwin_shoals_entry_rooms,
          guppyfry_snake_entry_garden, infiniplex_staircase_pool_2
Lair:3:   layout_cave_pods
Lair:4:   layout_misc_corridors, lemuel_fruit_fields, grunt_megastairs_5,
          lemuel_fruit_tree
Lair:5:   hellmonk_lair_end_abyssal_woods, layout_layer_cave, slime_entry_2
Snake:1:  layout_gridlike, st_stairs_5, serial_bayou_pond_a
Snake:2:  layout_cave_town, gammafunk_ghost_wrathful_warriors, minmay_shoptagon,
          uniq_vashnia
Snake:3:  layout_layer_cave
Snake:4:  hellmonk_snake_rune_quicksilver_temple, layout_cave_town

Skill      XL: |  1  2  3  4  5  6  7  8  9 10 11 12 13 14 15 16 17 18 |
---------------+-------------------------------------------------------+-----
Long Blades    | 3 4 5 6 8 10 12 13 14 16 | 16.0
Fighting       | 5 10 12 15 18 | 18.0
Armour         | 5 9 10 12 14 15 | 15.1
Shields        | 5 6 7 14 16 18 | 18.0
Evocations     | 5 6 8 9 10 11 | 11.6
Dodging        | 4 6 |  6.0

Action                     |  1- 3 |  4- 6 |  7- 9 | 10-12 | 13-15 | 16-18 || total
---------------------------+-------+-------+-------+-------+-------+-------++-------
  Melee: Long sword        |    77 |    63 |       |       |       |       ||   140
         Demon blade       |       |    93 |   251 |   716 |   843 |       ||  1903
         Double sword      |       |       |       |       |   410 |  1022 ||  1432
         Scimitar          |       |       |       |       |     9 |     5 ||    14
  Throw: Dart              |       |     1 |     3 |       |       |       ||     4
 Invoke: Serpent's Lash    |       |       |       |       |     1 |     1 ||     2
Ability: Dig               |       |     1 |     4 |     1 |     1 |     6 ||    13
         Lunge             |       |       |    15 |    30 |    59 |    75 ||   179
         Whirlwind         |       |       |       |   118 |   257 |   211 ||   586
         Wall Jump         |       |       |       |       |     2 |     1 ||     3
  Evoke: Wand              |       |       |       |     5 |       |     1 ||     6
         Tin of tremorston |       |       |       |       |       |     1 ||     1
    Use: Scroll            |     1 |       |     3 |    12 |     4 |    18 ||    38
         Potion            |       |     1 |       |     4 |     7 |     6 ||    18
   Stab: Invisible         |       |       |       |       |     9 |       ||     9
         Distracted        |       |       |       |       |     3 |    15 ||    18
 Armour: Scale mail        |    33 |    32 |       |       |       |       ||    65
         Chain mail        |       |    26 |   107 |    12 |       |       ||   145
         Plate armour      |       |       |       |   271 |   552 |   351 ||  1174
  Dodge: Dodged            |    28 |    62 |    59 |   136 |   212 |   146 ||   643
  Block: Buckler           |    17 |    46 |    45 |   144 |       |       ||   252
         Kite shield       |       |       |       |    13 |   582 |   604 ||  1199
